AoeStats
← βolacha

Arabia

508948989Analyzed
1v1 RM · 8d ago on Sep 24, 2026· 45m 40s· 2 players
Game mode
Random Map
Map size
Tiny (2 player)
Population
200
Speed
Normal
Resources
Standard
Victory
Conquest
Starting age
Dark Age
Ending age
Imperial Age
RankedLock teamsTeams togetherTeam positionsShared explorationLock speedFull tech treeHidden civsTurbo modeCheats
Victory
Defeat
🇧🇷 Franks · Brazil
948
+17
🇫🇷 Persians · France
963
-17
βolacha
0:29 Loom
7:38 Loom
11:14 Feudal Age
17:11 Castle Age
15:28 Double-Bit Axe
19:51 Husbandry
21:13 Forging
21:04 Gold Mining
22:44 Squires
23:57 Stone Mining
23:57 Gambesons
24:57 Scale Mail Armor
24:58 Pikeman
27:23 Gold Shaft Mining
27:27 Scale Barding Armor
28:25 Chain Mail Armor
30:47 Bow Saw
30:09 Light Cavalry
33:13 Wheelbarrow
34:05 Iron Casting
33:51 Chain Barding Armor
34:55 Hand Cart
40:11 Imperial Age
42:15 Blast Furnace
40:39 Cavalier
42:31 Halberdier
42:57 Arson
43:47 Plate Mail Armor
44:28 Paladin
46:06 Chivalry
46:26 Conscription
daera nitep
7:48 Loom
10:15 Feudal Age
10:49 Double-Bit Axe
11:18 Man-at-Arms
19:23 Castle Age
17:34 Horse Collar
19:57 Bloodlines
20:01 Gold Mining
20:34 Husbandry
21:02 Bow Saw
21:53 Scale Barding Armor
26:35 Wheelbarrow
26:23 Forging
26:44 Heavy Plow
32:23 Chain Barding Armor
32:03 Scale Mail Armor
32:39 Iron Casting
32:30 Scale Mail Armor
38:40 Imperial Age
39:40 Heavy Camel Rider
41:30 Plate Barding Armor
42:55 Hand Cart
44:53 Crop Rotation
45:32 Two-Man Saw
44:13 Pikeman
44:55 Squires
Connection lost

Rejoining the realm…

Still unreachable

The connection could not be restored.

Session expired

The server has moved on; the page needs a fresh start.